 Dungeon Crawl Stone Soup version 0.28-a0-1429-gf3d713df7a (webtiles) character file.

Game seed: 14966555275259297890

25 HallandMoats the Ruffian (level 2, 29/29 HPs)
             Began as a Troll Monk on Jan 9, 2022.
             Was the Champion of Ignis.
             Got out of the dungeon alive.
             The game lasted 00:00:45 (776 turns).

HallandMoats the Ruffian (Troll Monk)                Turns: 776, Time: 00:00:46

Health: 29/29      AC:  4    Str: 18    XL:     2   Next: 82%
Magic:  1/1        EV: 10    Int:  6    God:    Ignis [******]
Gold:   42         SH:  0    Dex: 12    Spells: 1/1 levels left

rFire   + . .      SeeInvis .     - Unarmed
rCold   . . .      Faith    .   (no shield)
rNeg    . . .      Spirit   .   a - +0 robe
rPois   .          Reflect  .   (helmet restricted)
rElec   .          Harm     .   (no cloak)
rCorr   .          Rampage  .   (gloves unavailable)
Will    .....                   (boots unavailable)
Stlth   ++........              (no amulet)
HPRegen 0.89/turn               (no ring)
MPRegen 0.07/turn               (no ring)

@: no status effects
A: large, unfitting armour, claws 3, regeneration 1, shaggy fur 1, tough skin 1
a: Renounce Religion, Fiery Armour, Foxfire Swarm, Rising Flame


You escaped.
You worshipped Ignis.
Ignis was exalted by your worship.
You visited 1 branch of the dungeon, and saw 1 of its levels.

You collected 42 gold pieces.

Inventory:

Armour
 a - a +0 robe (worn)
Scrolls
 b - a scroll of blinking {unknown}
 e - a scroll of immolation {unknown}
Potions
 c - a potion of curing {unknown}
 d - a potion of mutation {unknown}


   Skills:
 + Level 2.7 Fighting
 + Level 0.8 Armour
 + Level 2.7 Dodging
 - Level 1.0 Stealth
 + Level 3.2 Unarmed Combat


You had one spell level left.
You didn't know any spells.
Your spell library was empty.

Dungeon Overview and Level Annotations

Branches:
Dungeon (1/15)

Altars:
Ignis


Innate Abilities, Weirdness & Mutations

You are too large for most types of armour.
You have claws for hands.
Your natural rate of healing is unusually fast.
You are covered in fur. (AC +1)
You have tough skin. (AC +1)


Message History

A goblin is nearby!
You scratch the goblin.
You kill the goblin!
e - a scroll labelled JOPTOACLADA No target in view!
As you open the large door, it creaks loudly!
There is a large open door here.
There is a large open door here.
You open the door.
Found a stone staircase leading down.
No target in view!
There is an open door here.
There is a stone staircase leading down here.
Key pressed, stopping explore.
No target in view!
Key pressed, stopping explore.
No target in view!
Done exploring.
No target in view!
Done exploring.
No target in view!
Done exploring.
No target in view!
Done exploring.
No target in view!
Done exploring.
No target in view!
Search for what [? for help]? altar
There is an open door here.
There is a faded altar of an unknown god here.
You cannot tell which god this altar belongs to.
Convert to them anyway?
Ignis accepts your prayer! Ignis welcomes you!
You can now rocket upward and away.
There is an open door here.
You see here a +0 whip.
There is a large open door here.
There is a staircase leading out of the dungeon here.
Are you sure you want to leave the Dungeon?
This will make you lose the game!
You have escaped!

#####..........................#
##.##.##.......##...###........#
...##....########...###........##
##.#####.# #...#............
#.#...###########..#....#####...
#.....#8≈≈§≈≈§≈8#...........'÷..
#...#.#.........#..#....###.#...
##..#.#.........#..#.....##.+...
##.#.'....8...@#..#.....####...
#.#.'....8....#..#.#.#.# #...
#.#.#.........#..#.#.#.# ####
#.#.#.........#..#.#.#.#######
#...#8≈≈≈≈≈≈≈8#..#.#...##.....
#..)############.#.######.####
######.#######.# #..............
............##.# #...........###
.#####.........# #...........# #


There were no monsters in sight!

Vanquished Creatures
  3 bats (D:1)
  5 endoplasms (D:1)
  2 goblins (D:1)
  2 hobgoblins (D:1)
  A quokka (D:1)
  3 ball pythons (D:1)
  A frilled lizard (D:1)
  2 kobolds (D:1)
  2 rats (D:1)
21 creatures vanquished.

Notes
Turn   | Place    | Note
-------+----------+-------------------------------------------
     0 | D:1      | HallandMoats the Troll Monk began the quest for the Orb.
     0 | D:1      | Reached XP level 1. HP: 22/22 MP: 0/0
   176 | D:1      | Reached XP level 2. HP: 29/29 MP: 1/1
   268 | D:1      | Found a faded altar of an unknown god.
   703 | D:1      | Prayed at the altar of an unknown god.
   703 | D:1      | Became a worshipper of Ignis, the Dying Flame
   703 | D:1      | Reached ****** piety under Ignis
   776 | D:$      | Got out of the dungeon alive.

Illustrated notes

Levels and vault maps discovered:
D:1:      lightli_arrival_noodles, layout_basic,
          chequers_ecumenical_altar_simple

Action                   || total
-------------------------++-------
Melee: Unarmed           ||    46
       Punch             ||     1
 Stab: Sleeping          ||     1
Armor: Robe              ||    16
Dodge: Dodged            ||    30

Table legend: (Time is in decaauts)
 A = Elapsed time spent in this place.
 B = Non-inter-level travel time spent in this place.
 C = Inter-level travel time spent in this place.
 D = Time resting spent in this place.
 E = Time spent auto-exploring this place.
 F = Levels seen in this place.
 G = Mean time per level.
                   A        B        C        D        E       F      G
               +--------+--------+--------+--------+--------+-----+--------+
         Total |    773 |    692 |     81 |      0 |    575 |   1 |  773.0 |
       Dungeon |    773 |    692 |     81 |      0 |    575 |   1 |  773.0 |
               +--------+--------+--------+--------+--------+-----+--------+

Top non-repeatable levels by time:
     D:1: 773 daAuts
